 Dungeon Crawl Stone Soup version 0.29.1-1-gd02db6906a (webtiles) character file.

Game seed: 6823738458384025688

2503 mtoz the Digger (level 9, 0/45 HPs)
             Began as a Gargoyle Earth Elementalist on Oct 1, 2022.
             Was an Initiate of Hepliaklqana.
             Slain by an orc warrior
             ... wielding a +0 mace
              (10 damage)
             ... on level 7 of the Dungeon on Oct 2, 2022.
             The game lasted 00:39:55 (6208 turns).

mtoz the Digger (Gargoyle Earth Elementalist)       Turns: 6208, Time: 00:39:55

Health: 0/45       AC: 14    Str: 13    XL:     9   Next: 53%
Magic:  11/16      EV: 12    Int: 25    God:    Hepliaklqana [......]
Gold:   386        SH:  0    Dex: 10    Spells: 9/17 levels left

rFire   . . .      SeeInvis .   g - staff of earth
rCold   . . .      Faith    .   (no shield)
rNeg    + . .      Spirit   .   f - +0 troll leather armour {Pargi}
rPois   ∞          Reflect  .   (no helmet)
rElec   +          Harm     .   w - +0 cloak {rPois}
rCorr   .          Rampage  .   p - +0 pair of gloves
Will    .....                   r - +1 pair of boots
Stlth   +++.......              (no amulet)
HPRegen 0.95/turn               d - ring of flight
MPRegen 0.15/turn               s - +6 ring of intelligence

@: flying
A: sickness immunity, AC +6, negative energy resistance 1, electricity
resistance, torment resistance 1, petrification resistance, iridescent scales 1,
deformed body, MP-powered wands
a: Renounce Religion


You were on level 7 of the Dungeon.
You worshipped Hepliaklqana.
Hepliaklqana was noncommittal.
You visited 2 branches of the dungeon, and saw 8 of its levels.

You collected 386 gold pieces.

Inventory:

Missiles
 t - a throwing net
Armour
 a - an orb of guile
 f - a +0 troll leather armour (worn) {Pargi}
 p - a +0 pair of gloves (worn)
 r - a +1 pair of boots (worn)
 w - a +0 cloak of poison resistance (worn)
Magical Staves
 g - a staff of earth (weapon)
Jewellery
 d - a ring of flight (left hand)
 s - a +6 ring of intelligence (right hand)
Wands
 k - a wand of mindburst (6)
 l - a wand of polymorph (7)
 n - a wand of charming (12)
 u - a wand of roots (6)
Scrolls
 e - a scroll of immolation
 i - 2 scrolls of blinking
 j - a scroll of teleportation
 o - 2 scrolls of identify
Potions
 b - 3 potions of degeneration
 c - a potion of magic
 h - a potion of curing
 m - 3 potions of heal wounds
 q - a potion of ambrosia


   Skills:
 + Level 4.2 Dodging
 + Level 6.1 Stealth
 + Level 4.8 Spellcasting
 + Level 4.6 Conjurations
 + Level 4.0 Transmutations
 + Level 6.9 Earth Magic
 + Level 0.5 Invocations
 + Level 3.7 Evocations


You had 9 spell levels left.
You knew the following spells:

 Your Spells              Type           Power      Damage    Failure   Level
a - Sandblast             Erth           100%       2d20      1%          1
b - Passwall              Tmut/Erth      41%        N/A       1%          2
c - Stone Arrow           Conj/Erth      100%       3d13      3%          3
d - Poisonous Vapours     Pois/Air       12%        N/A       16%         2

Your spell library contained the following spells:

 Spells                   Type           Power      Damage    Failure   Level
 Foxfire                  Conj/Fire      68%        2x1d7     4%          1
 Petrify                  Tmut/Erth      50%        N/A       11%         4
 Conjure Flame            Conj/Fire      17%        6-21      12%         3
 Ensorcelled Hibernation  Hex/Ice        12%        N/A       16%         2
 Animate Armour           Summ/Erth      68%        N/A       26%         4
 Inner Flame              Hex/Fire       6%         N/A       32%         3
 Swiftness                Air            6%         N/A       32%         3
 Flame Wave               Conj/Fire      17%        2d7       38%         4
 Corpse Rot               Necr/Pois/Air  6%         N/A       71%         4
 Lehudib's Crystal Spear  Conj/Erth      25%        10d7      100%        8


Dungeon Overview and Level Annotations

Branches:
Dungeon (7/15)             Temple (1/1) D:6

Altars:
Cheibriados
Dithmenos
Fedhas
Hepliaklqana
Kikubaaqudgha
Makhleb
Nemelex Xobeh
Qazlal
Ru
Sif Muna
Trog
Uskayaw
Vehumet
Wu Jian
Xom
Yredelemnul
Zin
The Shining One

Shops:
D:5 **

Annotations:
D:4 2 runed translucent doors, Badistic's ghost, amateur TrBe
D:5 3 runed translucent doors, sentinel's ghost, amateur MeEE


Innate Abilities, Weirdness & Mutations

You are immune to sickness and miasma.
Your stone body is resilient. (AC +6)
You are immune to poison.
You resist negative energy. (rN+)
You are resistant to electric shocks. (rElec)
You are resistant to unholy torment.
You are immune to petrification.
You are partially covered in iridescent scales. (AC +2)
Armour fits poorly on your strangely shaped body.
You expend magic power (3 MP) to strengthen your wands.


Message History

Aiming: Sandblast (safe; 1% risk of failure)
Press: ? - help, Q - select action, (/) - cycle Shift-Dir - straight line, f - orc wizard, p - orc warrior
Aim: an orc wizard, wielding a +0 dagger and wearing a +0 robe (82% to hit)
You feel a surge of power!
The blast of sand hits the orc wizard!
The orc wizard is severely wounded.
The orc wizard points at you and mumbles some strange words.
The magic dart hits you but does no damage.
The orc warrior closely misses you.
Aiming: Sandblast (safe; 1% risk of failure)
Press: ? - help, Q - select action, (/) - cycle Shift-Dir - straight line, f/p - orc wizard
Aim: an orc wizard, wielding a +0 dagger and wearing a +0 robe (severely wounded, 82% to hit)
You feel a surge of power!
The blast of sand hits the orc wizard!
You kill the orc wizard!
The orc warrior hits you with a +0 mace! x2
The orc priest mumbles some strange prayers to Beogh against you.
Pain shoots through your body! The orc hits you with a +0 mace.
The orc priest attacks as you move away!
The orc priest hits you but does no damage.
The orc attacks as you move away! The orc hits you with a +0 mace.
Okay, then.
Okay, then.
Aiming: Sandblast (safe; 1% risk of failure)
Press: ? - help, Q - select action, (/) - cycle Shift-Dir - straight line, f - orc
Aim: an orc, wielding a +0 mace (85% to hit)
You feel a surge of power!
The blast of sand hits the orc!!
You kill the orc!
Aiming: Sandblast (safe; 1% risk of failure)
Press: ? - help, Q - select action, (/) - cycle Shift-Dir - straight line, f - orc priest
Aim: an orc priest, wielding a +0 mace (85% to hit)
You feel a surge of power!
The blast of sand hits the orc priest!!
You kill the orc priest!
The orc warrior hits you with a +0 mace!
* * * LOW HITPOINT WARNING * * *
Aiming: Sandblast (safe; 1% risk of failure)
Press: ? - help, Q - select action, (/) - cycle Shift-Dir - straight line, f - orc warrior
Aim: an orc warrior, wielding a +0 mace and wearing a +0 chain mail (84% to hit)
You feel a surge of power!
The blast of sand hits the orc warrior!
The orc warrior is moderately wounded.
The orc warrior hits you with a +0 mace!
You die...

## #### . #### ...## ###
..... .... ... .....## ..#
### ....... #.# .......
#!#
.......####.##############
........o@................
......)########.####### ##
....... #...# .......
#...# #### ....... #...#
#... #####.# #...## #.#.
#. #....# +. #. #.)..# #.
#....## #.


You could see an orc warrior.

Vanquished Creatures
  Pikel (D:3)
  Pargi (D:3)
  A sky beast (D:6)
  3 black bears
  An ogre (D:5)
  A lemure (D:4)
  A kobold brigand (D:5)
  A bullfrog (D:7)
  4 scorpions
  8 wights (D:6)
  Crazy Yiuf (D:3)
  2 hounds (D:5)
  2 orc priests (D:7)
  6 iguanas
  Ijyb (D:3)
  Natasha (thrice) (D:2)
  2 orc wizards (D:7)
  7 gnolls
  7 adders
  A shadow imp (D:3)
  A white imp (D:5)
  An ufetubus (D:6)
  2 worms (D:3)
  A dart slug (D:1)
  9 orcs
  7 ball pythons
  6 bats
  7 endoplasms
  7 giant cockroaches
  7 goblins
  9 hobgoblins
  4 jackals (D:5)
  4 quokkas
  4 frilled lizards
  11 kobolds
  5 rats
139 creatures vanquished.

Notes
Turn   | Place    | Note
-------+----------+-------------------------------------------
     0 | D:1      | mtoz the Gargoyle Earth Elementalist began the quest for
                  | the Orb.
     0 | D:1      | Reached XP level 1. HP: 10/10 MP: 3/3
   216 | D:1      | Reached skill level 1 in Transmutations
   216 | D:1      | Reached XP level 2. HP: 15/15 MP: 3/5
   645 | D:1      | Reached XP level 3. HP: 17/19 MP: 0/6
   917 | D:1      | Found a faded altar of an unknown god.
  1244 | D:2      | Noticed Natasha
  1251 | D:2      | Killed Natasha
  1252 | D:2      | Reached XP level 4. HP: 18/24 MP: 5/7
  1335 | D:2      | Learned a level 2 spell: Passwall
  1379 | D:2      | Noticed Natasha
  1383 | D:2      | Killed Natasha
  1661 | D:2      | Reached XP level 5. HP: 28/28 MP: 7/9
  1823 | D:2      | Noticed Natasha
  1825 | D:2      | Killed Natasha
  2358 | D:3      | Noticed Ijyb
  2417 | D:3      | Killed Ijyb
  2582 | D:3      | Noticed Pargi
  2586 | D:3      | Killed Pargi
  2587 | D:3      | Reached skill level 1 in Conjurations
  2587 | D:3      | Reached XP level 6. HP: 30/32 MP: 5/10
  2717 | D:3      | Reached skill level 1 in Evocations
  2896 | D:3      | Found a runed translucent door.
  2897 | D:3      | Noticed Crazy Yiuf
  3088 | D:3      | Killed Crazy Yiuf
  3148 | D:3      | Gained mutation: You are dopey. (Int -2) [potion of
                  | mutation]
  3319 | D:4      | Noticed Pikel
  3358 | D:3      | Killed Pikel
  3359 | D:3      | Reached skill level 5 in Earth Magic
  3359 | D:3      | Reached XP level 7. HP: 21/36 MP: 7/12
  3575 | D:4      | Found a runed translucent door.
  3581 | D:4      | Reached XP level 8. HP: 41/41 MP: 10/13
  3586 | D:4      | Noticed Badistic's ghost (amateur TrBe)
  3616 | D:4      | Found a runed translucent door.
  3641 | D:4      | You are sucked into a shaft and drop 1 floor!
  3641 | D:5      | Entered Level 5 of the Dungeon
  3686 | D:5      | Found Xolenlou's CLEARANCE SALE!.
  3962 | D:4      | Found a basalt altar of Yredelemnul.
  4021 | D:4      | Reached skill level 5 in Stealth
  4076 | D:4      | Found a hide-covered altar of Uskayaw.
  4318 | D:4      | Learned a level 3 spell: Stone Arrow
  4321 | D:4      | Learned a level 2 spell: Poisonous Vapours
  4583 | D:5      | Found Zayxib's Assorted Antiques.
  5029 | D:5      | Found a runed translucent gate.
  5029 | D:5      | Found a runed translucent gate.
  5030 | D:5      | Found a runed translucent gate.
  5030 | D:5      | Noticed sentinel's ghost (amateur MeEE)
  5032 | D:5      | Identified the +1 leather armour "Ytiwer" {Dex+4 Stlth+}
  5269 | D:6      | Reached XP level 9. HP: 45/45 MP: 10/15
  5667 | D:6      | Lost mutation: You are dopey. (Int -2) [potion of mutation]
  5667 | D:6      | Gained mutation: You expend magic power (3 MP) to
                  | strengthen your wands. [potion of mutation]
  5667 | D:6      | Gained mutation: Armour fits poorly on your strangely
                  | shaped body. [potion of mutation]
  5667 | D:6      | Gained mutation: You are partially covered in iridescent
                  | scales. (AC +2) [potion of mutation]
  5710 | D:6      | Found a staircase to the Ecumenical Temple.
  5796 | Temple   | Entered the Ecumenical Temple
  5895 | Temple   | Became a worshipper of Hepliaklqana the Forgotten
  6208 | D:7      | Slain by an orc warrior

Illustrated notes

Levels and vault maps discovered:
D:1:      dpeg_arrival_line_fractal, layout_loops_cross,
          hellmonk_ecumenical_altar_pennies_from_heaven, minmay_pentomino_z2
D:2:      layout_loops_ring, minmay_misc_feat_ornament, uniq_natasha
D:3:      layout_loops_cross, kennysheep_potato, uniq_pargi,
          uniq_crazy_yiuf_cottage, uniq_ijyb
D:4:      layout_basic, lemuel_tele_altar,
          nicolae_uskayaw_murder_on_the_dancefloor, ebering_ghost_sewer_f,
          uniq_pikel
D:5:      layout_loops_corners, serial_shops, nicolae_shop_behind_doors,
          biasface_ghost_orc_armoury, nicolae_shop_clearance
D:6:      layout_rooms, temple_green
D:7:      layout_basic
Temple:   lightli_temple_of_artemis

Skill      XL: |  1  2  3  4  5  6  7  8  9 |
---------------+----------------------------+-----
Transmutations | 1 2 3 4 |  4.0
Earth Magic    | 4 5 6 |  6.9
Dodging        | 2 3 4 |  4.2
Stealth        | 3 4 5 6 |  6.1
Spellcasting   | 3 4 |  4.8
Conjurations   | 1 2 3 4 |  4.6
Evocations     | 2 3 |  3.7
Invocations    | |  0.5

Action                   |  1- 3 |  4- 6 |  7- 9 || total
-------------------------+-------+-------+-------++-------
Melee: Unarmed           |       |     1 |       ||     1
 Cast: Sandblast         |    54 |    79 |   124 ||   257
Evoke: Wand              |       |     2 |     2 ||     4
  Use: Potion            |       |    10 |     3 ||    13
       Scroll            |       |     3 |     8 ||    11
Armor: Robe              |     3 |    12 |       ||    15
       Troll leather arm |       |     6 |    37 ||    43
Dodge: Dodged            |    16 |    39 |    52 ||   107
